 Dungeon Crawl Stone Soup version 0.29-a0-364-g921d912d32 (webtiles) character file.

Game seed: 15710829331354089942

13 Shayle the Sneak (level 2, 0/17 HPs)
             Began as a Tengu Brigand on Apr 30, 2022.
             Succumbed to an adder's poison
             ... on level 2 of the Dungeon.
             The game lasted 00:01:55 (821 turns).

Shayle the Sneak (Tengu Brigand)                     Turns: 821, Time: 00:01:56

Health: 0/17       AC:  6    Str: 11    XL:     2   Next: 37%
Magic:  3/3        EV: 10    Int: 11    God:
Gold:   38         SH:  0    Dex: 15    Spells: 2/2 levels left

rFire   . . .      SeeInvis .   a - +2 dagger
rCold   . . .      Faith    .   (no shield)
rNeg    . . .      Spirit   .   j - +0 ring mail
rPois   .          Reflect  .   (helmet restricted)
rElec   .          Harm     .   c - +0 cloak
rCorr   .          Rampage  .   (no gloves)
Will    .....                   (boots unavailable)
Stlth   ++........              (no amulet)
HPRegen 0.05/turn               (no ring)
MPRegen 0.08/turn               (no ring)

@: lethally poisoned (0 -> -11), flying
A: beak, talons 3
a: no special abilities


You were on level 2 of the Dungeon.
You visited 1 branch of the dungeon, and saw 2 of its levels.

You collected 38 gold pieces.

Inventory:

Hand Weapons
 a - a +2 dagger (weapon)
Missiles
 d - 9 poisoned darts (quivered)
 e - 3 curare-tipped darts
Armour
 b - a +0 robe
 c - a +0 cloak (worn)
 j - a +0 ring mail (worn)
Scrolls
 g - a scroll of magic mapping {unknown}
 h - a scroll of immolation {unknown}
 i - a scroll of identify {unknown}
 k - a scroll of enchant armour {unknown}


   Skills:
 + Level 2.2 Fighting
 - Level 2.1 Short Blades
 - Level 2.0 Throwing
 + Level 1.5 Dodging
 + Level 4.1 Stealth
 + Level 0.6 Spellcasting


You had 2 spell levels left.
You didn't know any spells.
Your spell library was empty.

Dungeon Overview and Level Annotations

Branches:
Dungeon (2/15)

Altars:


Innate Abilities, Weirdness & Mutations

You have a beak for a mouth.
You have claws for feet.


Message History

The bat barely misses you. The bat barely misses you.
The bat enters a dispersal trap!
You blink.
The bat blinks!
An adder comes into view.
The bat hits you but does no damage.
The adder hisses angrily.
The bat enters a dispersal trap!
The adder blinks!
You blink.
The adder bites you.
You hit the adder.
The adder is lightly wounded.
The adder bites you but does no damage. The adder bites you.
You are poisoned.
The adder poisons you!
You hit the adder. Your peck misses the adder.
The adder is moderately wounded.
You feel sick. The adder bites you.
You are more poisoned.
The adder poisons you!
You hit the adder.
The adder is heavily wounded.
You feel sick. The adder misses you.
You closely miss the adder. Your kick misses the adder.
The adder is heavily wounded.
You feel sick. The adder bites you.
You barely miss the adder.
The adder is heavily wounded.
* * * LOW HITPOINT WARNING * * *
You feel sick. The adder bites you but does no damage.
Unknown command.
It was a potion of flight.
You feel very buoyant.
You fly up into the air.
* * * LOW HITPOINT WARNING * * *
You feel sick. The adder bites you.
* * * LOW HITPOINT WARNING * * *
You are more poisoned.
The adder poisons you! The adder bites you but does no damage.
You closely miss the adder. You claw the adder.
The adder is severely wounded.
You die...

# #. #.### ...#
##.##
######...###
#......#...###
#.####....bS.#
##.b###@# #...#
#........
#...###.######.
##.......#
#.###...##.###
#.>[<......#
#..........#
#.####........
# #.##.####


You could see an adder and a bat.

Vanquished Creatures
  2 endoplasms (D:1)
  2 hobgoblins (D:1)
  2 quokkas (D:1)
  3 ball pythons (D:1)
  A bat (D:1)
  A frilled lizard (D:1)
  A kobold (D:1)
  A rat (D:1)
13 creatures vanquished.

Notes
Turn   | Place    | Note
-------+----------+-------------------------------------------
     0 | D:1      | Shayle the Tengu Brigand began the quest for the Orb.
     0 | D:1      | Reached XP level 1. HP: 12/12 MP: 2/2
   262 | D:1      | Reached XP level 2. HP: 17/17 MP: 3/3
   821 | D:2      | Succumbed to an adder's poison

Illustrated notes

Levels and vault maps discovered:
D:1:      amcnicky_arrival_choice, layout_basic
D:2:      layout_loops_ring, minmay_tetromino_t4

Action                   || total
-------------------------++-------
Melee: Dagger            ||    28
       Peck              ||     4
       Kick              ||     4
  Use: Potion            ||     1
 Stab: Sleeping          ||     3
Armor: Robe              ||     5
       Ring mail         ||     5
Dodge: Dodged            ||    10

Table legend: (Time is in decaauts)
 A = Elapsed time spent in this place.
 B = Non-inter-level travel time spent in this place.
 C = Inter-level travel time spent in this place.
 D = Time resting spent in this place.
 E = Time spent auto-exploring this place.
 F = Levels seen in this place.
 G = Mean time per level.
                   A        B        C        D        E       F      G
               +--------+--------+--------+--------+--------+-----+--------+
         Total |    817 |    764 |     53 |      0 |    626 |   2 |  408.5 |
       Dungeon |    817 |    764 |     53 |      0 |    626 |   2 |  408.5 |
               +--------+--------+--------+--------+--------+-----+--------+

Top non-repeatable levels by time:
     D:1: 795 daAuts
     D:2: 22 daAuts
